 Dungeon Crawl Stone Soup version 0.19.1 (webtiles) character file.

296 Banto the Changer (level 6, -2/51 HPs)
             Began as a Naga Transmuter on Dec 8, 2016.
             Slain by pahom328dancer's ghost (7 damage)
             ... on level 4 of the Dungeon.
             The game lasted 00:05:10 (2112 turns).

Banto the Changer (Naga Transmuter)                 Turns: 2112, Time: 00:05:10

Health: -2/51      AC:  7    Str:  9    XL:     6   Next: 35%
Magic:  1/9        EV: 10    Int: 18    God:
Gold:   193        SH:  0    Dex: 12    Spells: 3 memorised, 2 levels left

rFire  . . .     SeeInvis +     n - +0 whip (elec)
rCold  . . .     Gourm    .     b - +1 robe
rNeg   . . .     Faith    .     (no shield)
rPois  +         Spirit   .     (no helmet)
rElec  .         Reflect  .     i - +2 cloak
rCorr  .         Harm     .     (no gloves)
MR     .....                    (no barding)
Stlth  +.........               (no amulet)
                                j - -2 ring of dexterity (curse)
                                g - -3 ring of strength (curse)

@: brilliant, flying, very slightly contaminated, very slow
A: see invisible, deformed body, poison resistance, slowness 2, slow metabolism
1, spit poison 1, AC +2
a: Spit Poison


You were on level 4 of the Dungeon.
You were hungry.

You visited 1 branch of the dungeon, and saw 4 of its levels.

You collected 193 gold pieces.

Inventory:

Hand Weapons
 n - a +0 whip of electrocution (weapon)
Missiles
 a - 2 arrows
Armour
 b - a +1 robe (worn)
 i - a +2 cloak (worn)
Jewellery
 g - a cursed -3 ring of strength (left hand)
 j - a cursed -2 ring of dexterity (right hand)
 p - an uncursed ring of positive energy
Wands
 e - a wand of random effects (39/48)
Scrolls
 f - 2 scrolls of amnesia
 s - a scroll of magic mapping
 y - a scroll of enchant armour
Potions
 h - a potion of agility
 l - a potion of resistance
 r - a potion of degeneration {unknown}
 t - 2 potions of brilliance
 u - a potion of might {unknown}
 w - a potion of flight
 x - a potion of lignification {unknown}
 B - a potion of ambrosia {unknown}
Books
 c - a book of Changes

   Spells                             Type                      Level
   a - Beastly Appendage              Transmutation                1
   b - Sticks to Snakes               Transmutation                2
   c - Spider Form                    Transmutation/Poison         3
   d - Ice Form                       Ice/Transmutation            4
   e - Blade Hands                    Transmutation                5
 z - a book of Cantrips

   Spells                             Type                      Level
   a - Confusing Touch                Hexes                        1
   b - Animate Skeleton               Necromancy                   1
   c - Summon Small Mammal            Summoning                    1
   d - Apportation                    Translocation                1
 C - a book of Minor Magic

   Spells                             Type                      Level
   a - Magic Dart                     Conjuration                  1
   b - Blink                          Translocation                2
   c - Call Imp                       Summoning                    2
   d - Repel Missiles                 Charms/Air                   2
   e - Slow                           Hexes                        2
   f - Conjure Flame                  Conjuration/Fire             3
   g - Mephitic Cloud                 Conjuration/Poison/Air       3
Comestibles
 d - 5 bread rations
 k - 3 beef jerkies
 m - 2 slices of pizza
 o - 3 meat rations
 v - a chunk of flesh


   Skills:
 - Level 1.0 Fighting
 - Level 1.5 Dodging
 - Level 4.2 Unarmed Combat
 - Level 2.0 Spellcasting
 + Level 4.7 Transmutations
 + Level 3.0 Ice Magic


You had 2 spell levels left.
You knew the following spells:

 Your Spells              Type           Power        Failure   Level  Hunger
a - Beastly Appendage     Tmut           ####..       1%          1    #......
b - Sticks to Snakes      Tmut           ####....     1%          2    ###....
c - Ice Form              Ice/Tmut       ####....     5%          4    #####..


Dungeon Overview and Level Annotations

Branches:
Dungeon (4/15)
 Temple: D:4-7

Altars:
Gozag

Annotations:
D:4 pahom328dancer's ghost, amateur DDFi


Innate Abilities, Weirdness & Mutations

You cannot wear boots.
Your serpentine skin is tough. (AC +2)
You have supernaturally acute eyesight. (SInv)
Armour fits poorly on your strangely shaped body.
Your system is resistant to poisons. (rPois)
You cover ground very slowly.
You have a slow metabolism.
You can spit poison.


Message History

You hit pahom328dancer's ghost but do no damage.
Pahom328dancer's ghost hits you.
* * * LOW HITPOINT WARNING * * *
You take 3 damage, and have 7/51 hp.
You feel better.
Your ball python barely misses the orc wizard.
Pahom328dancer's ghost completely misses you.
You regained 6 hp, and now have 13/51 hp.
It was a potion of brilliance.
You feel clever all of a sudden.
Your ball python bites the orc wizard but does no damage.
Pahom328dancer's ghost hits you!
* * * LOW HITPOINT WARNING * * *
You take 8 damage, and have 5/51 hp.
It was a potion of flight.
You feel very buoyant.
You fly up into the air.
Your ball python closely misses the orc wizard.
Pahom328dancer's ghost hits you!
You die...

!..#####............#.....#...#..
...#...#............#.....#...#..
...#...#............#.....#...#..
...#...#[...........#'##†##..##..
...#...#.......####....#.##..###'
§..#...#.......#..#....#......#..
...'...#.......#..#....#......'..
...#o..#.......#..'....#......#..
...#o..#.....SoW@.#....#.....##..
...#)###.)....o#.......####..##..
........##############....#..##..
........# #....#...... ........#
#....#...... ........# ...#......
........# ###### #########


You could see an orc wizard (invisible), pahom328dancer's ghost, an orc and a
friendly ball python.

Vanquished Creatures
  An orc wizard (D:4)
  2 worker ants (D:4)
  2 gnolls (D:2)
  6 adders
  3 dart slugs
  A leopard gecko (D:1)
  2 orcs (D:3)
  2 ball pythons
  5 giant cockroaches
  7 hobgoblins
  6 kobolds
  A quokka (D:2)
  4 bats
  3 frilled lizards
  7 goblins
  8 rats
60 creatures vanquished.

Vanquished Creatures (collateral kills)
  A sky beast (D:3)
  A gnoll (D:2)
  2 orcs
  A goblin (D:3)
5 creatures vanquished.

Grand Total: 65 creatures vanquished

Notes
Turn   | Place    | Note
-------+----------+-------------------------------------------
     0 | D:1      | Banto the Naga Transmuter began the quest for the Orb.
     0 | D:1      | Reached XP level 1. HP: 18/18 MP: 3/3
   138 | D:1      | Reached XP level 2. HP: 23/25 MP: 3/5
   458 | D:2      | Reached XP level 3. HP: 18/31 MP: 6/6
   766 | D:2      | Learned a level 2 spell: Sticks to Snakes
   838 | D:2      | Reached XP level 4. HP: 32/38 MP: 2/7
  1124 | D:2      | Learned a level 4 spell: Ice Form
  1515 | D:3      | Noticed a sky beast
  1526 | D:3      | Reached skill level 1 in Ice Magic
  1526 | D:3      | Reached XP level 5. HP: 40/44 MP: 8/8
  1546 | D:3      | Killed a sky beast
  1927 | D:3      | Found an opulent altar of Gozag.
  1981 | D:4      | Reached XP level 6. HP: 49/51 MP: 7/9
  2076 | D:4      | Noticed pahom328dancer's ghost (amateur DDFi)
  2112 | D:4      | Slain by pahom328dancer's ghost

Skill      XL: |  1  2  3  4  5  6 |
---------------+-------------------+-----
Transmutations | 3 4 |  4.7
Unarmed Combat | 4 |  4.2
Ice Magic      | 1 2 3 |  3.0
Fighting       | |  1.0
Dodging        | |  1.5
Spellcasting   | |  2.0

Action                   |  1- 3 |  4- 6 || total
-------------------------+-------+-------++-------
Melee: Unarmed           |    11 |       ||    11
       Whip              |    32 |   120 ||   152
       Headbutt          |     1 |     4 ||     5
       Punch             |       |     3 ||     3
 Cast: Beastly Appendage |     5 |     6 ||    11
       Sticks to Snakes  |     3 |     7 ||    10
 Abil: Spit Poison       |    18 |    20 ||    38
  Use: Scroll            |     4 |     4 ||     8
       Potion            |       |     3 ||     3
 Stab: Sleeping          |       |     2 ||     2
  Eat: Chunk             |       |     6 ||     6
Armor: Robe              |    17 |    53 ||    70
Dodge: Dodged            |    35 |    78 ||   113

Table legend:
 A = Turns spent in this place as a percentage of turns spent in the entire game.
 B = Non-inter-level travel turns spent in this place as a percentage of non-inter-level travel turns spent in the entire game.
 C = Inter-level travel turns spent in this place as a percentage of turns spent in this place.
 D = Turns resting spent in this place as a percentage of non-inter-level travel turns spent in this place.
 E = Turns spent auto-exploring this place as a percentage of non-inter-level travel turns spent in this place.
 F = Non-inter-level travel turns spent in this place divided by the number of levels of this place that you've seen.
                   A       B       C       D       E      F
               +-------+-------+-------+-------+-------+----------------------
         Total | 100.0 | 100.0 |   0.6 |   1.7 |  15.1 | 174.0
       Dungeon | 100.0 | 100.0 |   0.6 |   1.7 |  15.1 | 174.0
               +-------+-------+-------+-------+-------+----------------------

Table legend:
 A = Kills in this place as a percentage of kills in entire the game.
 B = Kills by you in this place as a percentage of kills by you in the entire game.
 C = Kills by friends in this place as a percentage of kills by friends in the entire game.
 D = Other kills in this place as a percentage of other kills in the entire game.
 E = Experience gained in this place as a percentage of experience gained in the entire game.
 F = Experience gained in this place divided by the number of levels of this place that you have seen.
                   A       B       C       D       E      F
               +-------+-------+-------+-------+-------+----------------------
         Total | 100.0 | 100.0 | 100.0 |  -nan | 100.0 | 106.0
       Dungeon | 100.0 | 100.0 | 100.0 |  -nan | 100.0 | 106.0
               +-------+-------+-------+-------+-------+----------------------
